 Dungeon Crawl Stone Soup version 0.31-a0-202-g547052bce9 (webtiles) character file.

Game seed: 10422195450923070416

88 qw the Shooter (level 4, 0/25 HPs)
             Began as a Deep Elf Hunter on June 25, 2023.
             Succumbed to an adder's poison
             ... on level 3 of the Dungeon.
             The game lasted 00:00:37 (1716 turns).

qw the Shooter (Deep Elf Hunter)                    Turns: 1716, Time: 00:00:37

Health: 0/25       AC:  3    Str: 10    XL:     4   Next: 29%
Magic:  6/6        EV: 12    Int: 14    God:
Gold:   131        SH:  0    Dex: 18    Spells: 3/3 levels left

rFire   . . .        Y - +1 shortbow
rCold   + . .        (shield currently unavailable)
rNeg    . . .        c - +0 leather armour
rPois   .            (no helmet)
rElec   .            (no cloak)
rCorr   .            (no gloves)
SInv    .            (no boots)
Will    .....        (no amulet)
Stlth   ++           e - ring of protection from cold
HPRegen 0.24/turn    (no ring)
MPRegen 0.10/turn

%: no passive effects
@: lethally poisoned (0 -> -10)
A: no striking features
a: no special abilities


You were on level 3 of the Dungeon.
You visited 1 branch of the dungeon, and saw 3 of its levels.

You collected 131 gold pieces.


   Skills:
 - Level 1.5 Fighting
 + Level 7.7 Ranged Weapons
 - Level 2.4 Dodging
 - Level 1.2 Stealth


You had 3 spell levels left.
You didn't know any spells.
Your spell library was empty.

Inventory:

Hand Weapons
 Y - a +1 shortbow (weapon)
Armour
 c - a +0 leather armour (worn)
Jewellery
 e - a ring of protection from cold (left hand)
Scrolls
 a - a scroll of identify
Potions
 b - a potion of mutation {unknown}
 d - a potion of berserk rage {unknown}
 f - a potion of enlightenment {unknown}

Dungeon Overview and Level Annotations

Branches:
Dungeon (3/15)

Altars:

Shops:
D:1 (   D:3 :


Message History

The bat hits you but does no damage.
You shoot an arrow. The arrow hits the bat.
The bat is moderately wounded.
The bat hits you but does no damage.
You shoot an arrow. The arrow hits the bat.
You kill the bat!
You shoot an arrow. The arrow hits the endoplasm!
You kill the endoplasm!
An adder comes into view.
Found a runed sling.
Enter note:
Enter note:
Enter note: You shoot an arrow.
The arrow hits the adder!
The adder is severely wounded.
The adder bites you but does no damage.
You shoot an arrow. The arrow closely misses the adder.
The adder bites you.
You are poisoned.
The adder poisons you!
You shoot an arrow. The arrow misses the adder.
You feel sick. The adder bites you. x2
You are more poisoned.
The adder poisons you!
You shoot an arrow. The arrow hits the adder.
The adder is almost dead.
You feel very sick. The adder bites you.
You are more poisoned.
The adder poisons you!
You shoot an arrow. The arrow closely misses the adder.
You feel very sick. The adder bites you.
You are more poisoned.
The adder poisons you!
You shoot an arrow. The arrow hits the adder!
You kill the adder!
You feel very sick.
There is a lethal amount of poison in your body!
You die...

###### #####....#
..##....## #......##
###...## #######
###..#######.....####
#........%...........
#.#..#......(..#####
#.#.##....##..##@..#
........#####.#.#.#.#
#......## ##.%%#)#
.###.### #..#.#.#
#...########..##...
#.\.#..........####
#...#............
.###..........#.## .#
#..........#..


There were no monsters in sight!

Vanquished Creatures
  2 adders
  A worm (D:2)
  4 dart slugs
  5 ball pythons
  8 endoplasms
  5 goblins
  A hobgoblin (D:1)
  6 jackals (D:3)
  3 quokkas
  5 bats
  5 frilled lizards
  5 kobolds
  9 rats
59 creatures vanquished.

Notes
Turn   | Place    | Note
-------+----------+-------------------------------------------
     0 | D:1      | qw the Deep Elf Hunter began the quest for the Orb.
     0 | D:1      | Reached XP level 1. HP: 12/12 MP: 3/3
     0 | D:1      | 0 ||| qw: Version: 0.3-a-22-g0ed2b0b
     0 | D:1      | 0 ||| qw: Game counter: 5727
     0 | D:1      | 0 ||| qw: Melee chars always use a shield: true
     0 | D:1      | 0 ||| qw: God list: Okawaru
     0 | D:1      | 0 ||| qw: Allow faded altars: false
     0 | D:1      | 0 ||| qw: Do Orc after clearing Dungeon:15 true
     0 | D:1      | 0 ||| qw: Do second Lair branch before Depths: true
     0 | D:1      | 0 ||| qw: Lair rune preference: random
     0 | D:1      | 0 ||| qw: Goals: Normal
     0 | D:1      | 0 ||| PLANNING D:1-11
   191 | D:1      | Reached XP level 2. HP: 16/16 MP: 4/4
   197 | D:1      | Reached skill level 6 in Ranged Weapons
   244 | D:1      | Found Sumus's Weapon Emporium.
   744 | D:1      | Reached XP level 3. HP: 20/20 MP: 5/5
   783 | D:1      | 783 ||| UPGRADING to ring of protection from cold.
   784 | D:1      | 784 ||| READING scroll labelled SEHUIQYSUL.
   785 | D:1      | 785 ||| READING scroll labelled QYKHIAPSEKUPO.
   786 | D:1      | 786 ||| DROPPING scroll of butterflies.
   967 | D:2      | Reached skill level 7 in Ranged Weapons
  1339 | D:2      | 1339 ||| READING 3 scrolls labelled OSISHEB HYHI.
  1340 | D:2      | 1340 ||| READING scroll labelled HONGO QITISU.
  1345 | D:2      | 1345 ||| READING 2 scrolls of identify.
  1345 | D:2      | 1345 ||| IDENTIFYING green potion
  1346 | D:2      | 1346 ||| DROPPING potion of brilliance.
  1360 | D:3      | Found Gisoawk's Book Boutique.
  1368 | D:3      | 1368 ||| READING scroll labelled WOOWKO KEAHY.
  1370 | D:3      | 1370 ||| Stepping ~*~*~tactically~*~*~ (cloud).
  1388 | D:3      | 1388 ||| FLEEEEING.
  1392 | D:3      | 1392 ||| STAIRDANCE
  1556 | D:3      | Reached XP level 4. HP: 16/25 MP: 6/6
  1714 | D:3      | HP: 6/25 [adder (4)]
  1716 | D:3      | Succumbed to an adder's poison

Levels and vault maps discovered:
D:1:      erik_arrival_triangle_large, layout_basic, serial_shops,
          nicolae_shop_tiny_glass, minmay_misc_feat_rugged
D:2:      layout_basic
D:3:      layout_rooms, serial_shops, nicolae_book_shop_shelving,
          minmay_checkerbox

Skill      XL: |  1  2  3 |
---------------+----------+-----
Ranged Weapons | 6 7 |  7.7
Fighting       | |  1.5
Dodging        | |  2.4
Stealth        | |  1.2

Action                     |  1- 3 |  4- 6 || total
---------------------------+-------+-------++-------
   Fire: Shortbow          |   104 |    25 ||   129
    Use: Scroll            |     6 |       ||     6
 Armour: Leather armour    |     3 |     6 ||     9
  Dodge: Dodged            |    10 |    16 ||    26

Table legend:
 A = Non-vault XP
 B = Vault XP
 C = Vault XP percentage of total XP
 D = Non-vault monster count
 E = Vault monster count
 F = Vault count percentage of total count
                 A         B        C        D         E       F
            +---------+---------+-------+---------+---------+-------
      Total |     109 |      17 |  13.5 |      55 |       4 |   6.8
            +---------+---------+-------+---------+---------+-------
        D:1 |      41 |       0 |   0.0 |      23 |       0 |   0.0
        D:2 |      43 |       0 |   0.0 |      17 |       0 |   0.0
        D:3 |      25 |      17 |  40.5 |      15 |       4 |  21.1
            +---------+---------+-------+---------+---------+-------
